 Dungeon Crawl Stone Soup version 0.32-a0-711-g016ad743e0 (webtiles) character file.

Game seed: 15642410567685131107

82 Revguard the Sneak (level 4, -1/23 HPs)
             Began as a Vine Stalker Brigand on Mar 15, 2024.
             Slain by a river rat (7 damage)
             ... in a sewer.
             The game lasted 00:04:00 (1440 turns).

Revguard the Sneak (Vine Stalker Brigand)           Turns: 1440, Time: 00:04:00

Health: -1/23      AC:  4    Str: 13    XL:     4   Next: 43%
Magic:  0/5        EV: 11    Int: 11    God:
Gold:   108        SH:  0    Dex: 18    Spells: 3/3 levels left

rFire   . . .        a - +3 dagger
rCold   . . .        (no shield)
rNeg    . . .        b - +0 robe
rPois   .            f - +0 helmet
rElec   .            c - +0 cloak
rCorr   .            (no gloves)
SInv    .            (no boots)
Will    .....        (no amulet)
Stlth   ++           (no ring)
HPRegen 1.03/turn    (no ring)
MPRegen 0.09/turn

%: guardian spirit
@: very slow
A: fangs 2, regeneration 1, magic shield, antimagic bite, no potion heal 2
a: no special abilities


You were in a sewer.
You visited 1 branch of the dungeon, and saw 3 of its levels.
You also visited: Sewer.

You collected 108 gold pieces.

Inventory:

Hand Weapons
 a - a +3 dagger (weapon)
 l - a +0 scimitar
Missiles
 d - 13 poisoned darts (quivered)
 e - 3 curare-tipped darts
Armour
 b - a +0 robe (worn)
 c - a +0 cloak (worn)
 f - a +0 helmet (worn)
Scrolls
 g - a scroll of teleportation
 h - a scroll of summoning {unknown}
Potions
 j - a potion of cancellation
 k - a potion of haste
 m - a potion of curing


   Skills:
 + Level 2.3 Fighting
 + Level 2.2 Short Blades
 - Level 1.7 Throwing
 * Level 1.3 Armour
 + Level 1.3 Dodging
 + Level 5.3 Stealth
 + Level 1.1 Evocations


You had 3 spell levels left.
You didn't know any spells.
Your spell library contained the following spells:

 Spells                   Type           Power      Damage    Failure   Level
 Sublimation of Blood     Necr           0%         N/A       47%         2
 Fugue of the Fallen      Necr           0%         N/A       71%         3
 Ozocubu's Armour         Ice            0%         N/A       71%         3
 Manifold Assault         Tloc           0%         N/A       98%         4
 Petrify                  Alch/Erth      0%         N/A       98%         4
 Irradiate                Conj/Alch      0%         3d11      100%        5


Dungeon Overview and Level Annotations

Branches:
Dungeon (3/15)              Sewer (1/1)

Altars:
Vehumet


Innate Abilities, Weirdness & Mutations

You have extremely sharp teeth.
Your natural rate of healing is unusually fast.
When hurt, damage is shared between your health and your magic reserves.
Your bite disrupts and absorbs the magic of your enemies.
Potions cannot restore your health.


Message History

Moving in this stuff is going to be slow.
A rat and a river rat come into view.
The rat squeaks loudly.
A river rat comes into view.
A rat comes into view.
An adder comes into view.
A river rat comes into view.
The river rat squeaks loudly.
The adder hisses angrily.
The river rat squeaks loudly.
The rat squeaks loudly.
The river rat squeaks loudly.
An endoplasm comes into view.
You closely miss the river rat.
You bite the river rat, but do no damage.
The river rat bites you but does no damage.
Your unstable footing causes you to fumble your attack.
The rat bites you but does no damage. The river rat closely misses you.
The rat attacks as it pursues you!
The rat splashes around in the water.
The adder bites you. The river rat bites you. The adder closely misses you.
The river rat bites you. The adder bites you but does no damage.
Why would you want to do that? The adder barely misses you.
The river rat barely misses you.
The river rat attacks as it pursues you!
The river rat bites you! The adder attacks as it pursues you!
The adder bites you but does no damage. The adder bites you.
You are poisoned.
The adder poisons you! The river rat barely misses you.
The adder bites you but does no damage. The river rat closely misses you.
You feel sick. The adder barely misses you.
The river rat attacks as it pursues you!
The river rat closely misses you. The river rat bites you.
The adder barely misses you.
You feel sick.
You are no longer poisoned.
The river rat attacks as it pursues you!
The river rat bites you.
* * * LOW HITPOINT WARNING * * *
The river rat closely misses you. The adder bites you but does no damage.
Okay, then.
Your unstable footing causes you to fumble your attack.
The river rat bites you!
You die...

#######################
###..≈≈≈≈≈≈≈≈≈≈≈≈≈≈~....##
#....~≈≈≈≈~≈.≈≈≈≈≈≈~~....#
.....~~≈~r≈r~r#~~≈~~..∩..#
....~~~~J~~≈~r@~~~≈≈..∩..#
.....~≈≈~~.~≈Sr≈~~~≈.....#
....#~≈≈≈≈≈≈≈≈≈≈≈≈≈~#...##
... #####################
.


You could see an adder, 3 river rats, an endoplasm and 2 rats.

Vanquished Creatures
  3 adders (D:2)
  A dart slug (D:1)
  A ribbon worm (D:3)
  7 orcs (D:3)
  3 endoplasms
  2 giant cockroaches (D:3)
  3 goblins
  3 hobgoblins
  4 quokkas
  5 ball pythons
  4 bats
  A frilled lizard (D:1)
  2 kobolds (D:1)
  5 rats
44 creatures vanquished.

Notes
Turn   | Place    | Note
-------+----------+-------------------------------------------
     0 | D:1      | Revguard the Vine Stalker Brigand began the quest for the
                  | Orb.
     0 | D:1      | Reached XP level 1. HP: 11/11 MP: 2/2
   195 | D:1      | Reached XP level 2. HP: 14/15 MP: 3/3
   252 | D:1      | Reached skill level 5 in Stealth
   275 | D:1      | Reached skill level 1 in Dodging
   576 | D:2      | Reached XP level 3. HP: 18/18 MP: 2/4
   890 | D:2      | Reached skill level 1 in Armour
  1261 | D:3      | Reached XP level 4. HP: 22/23 MP: 5/5
  1264 | D:3      | Reached skill level 1 in Evocations
  1353 | D:3      | Found a radiant altar of Vehumet.
  1393 | D:3      | Found a glowing drain.
  1415 | Sewer    | Entered a sewer
  1440 | Sewer    | Slain by a river rat

Illustrated notes

Levels and vault maps discovered:
D:1:      psy_arrival_basics, layout_loops_cross
D:2:      layout_loops_ring
D:3:      layout_loops_ring, mainiacjoe_overflow_catch_the_wave,
          portal_sewer_entry_f
Sewer:    sewer_minmay_w

Skill      XL: |  1  2  3  4 |
---------------+-------------+-----
Stealth        | 5 |  5.3
Dodging        | 1 |  1.3
Fighting       | 2 |  2.3
Short Blades   | 2 |  2.2
Armour         | 1 |  1.3
Evocations     | 1 |  1.1
Throwing       | |  1.7

Action                     |  1- 3 |  4- 6 || total
---------------------------+-------+-------++-------
  Melee: Dagger            |    67 |    37 ||   104
         Bite              |    11 |     9 ||    20
         Scimitar          |       |     6 ||     6
    Use: Scroll            |     7 |       ||     7
   Stab: Sleeping          |     9 |     1 ||    10
 Armour: Robe              |    29 |    28 ||    57
  Dodge: Dodged            |    22 |    37 ||    59

Table legend: (Time is in decaauts)
 A = Elapsed time spent in this place.
 B = Non-inter-level travel time spent in this place.
 C = Inter-level travel time spent in this place.
 D = Time resting spent in this place.
 E = Time spent auto-exploring this place.
 F = Levels seen in this place.
 G = Mean time per level.
                   A        B        C        D        E       F      G
               +--------+--------+--------+--------+--------+-----+--------+
         Total |   1447 |   1423 |     24 |      0 |    992 |   4 |  361.8 |
       Dungeon |   1412 |   1388 |     24 |      0 |    976 |   3 |  470.7 |
         Sewer |     35 |     35 |      0 |      0 |     16 |   1 |   35.0 |
               +--------+--------+--------+--------+--------+-----+--------+

Top non-repeatable levels by time:
     D:2: 681 daAuts
     D:1: 552 daAuts
     D:3: 178 daAuts
   Sewer: 35 daAuts
